 Dungeon Crawl Stone Soup version 0.14-a0-3167-gc8df72d (webtiles) character file.

1197 throttle the Archer (level 7, -1/52 HPs)
             Began as a Centaur Hunter on Mar 10, 2014.
             Slain by a gnoll
             ... wielding a +2,+2 flail of draining
              (5 damage)
             ... on Level 5 of the Dungeon.
             The game lasted 00:14:05 (4019 turns).

throttle the Archer (Centaur Hunter)                Turns: 4019, Time: 00:14:05

HP  -1/52        AC  6     Str 14      XL: 7   Next: 98%
MP   5/5         EV  9     Int 10      God:
Gold 206         SH  0     Dex 12      Spells:  0 memorised,  6 levels left

rFire  . . .     SeeInvis .     b - +1 bow
rCold  . . .     Clarity  .     d - +0 leather armour
rNeg   . . .     Conserve .     (no shield)
rPois  .         rCorr    .     (no helmet)
rElec  .         rRot     .     D - +0 cloak
SustAb . .       Spirit   .     H - +0 pair of gloves
rMut   .         Warding  .     (no barding)
Saprov . . .     Stasis   .     (no amulet)
MR     .....                    (no ring)
                                (no ring)

@: drained, very quick, not resistant to hostile enchantments, extremely
unstealthy
A: hooves 3, deformed body, herbivore 1, speed 2, fast metabolism 1, tough skin
3
a: no special abilities


You were on level 5 of the Dungeon.
You were not hungry.

You visited 2 branches of the dungeon, and saw 6 of its levels.

You collected 206 gold pieces.

Inventory:

Hand weapons
 a - a +0,+0 short sword
 b - a +1,+1 bow (weapon)
 h - a cursed -3,-3 whip
Missiles
 c - 32 arrows
 r - 15 darts (quivered)
 v - 11 silver darts
 y - 16 poisoned needles
Armour
 d - a +0 leather armour (worn)
 D - a +0 cloak (worn)
 F - a cursed +0 ring mail
 H - a +0 pair of gloves (worn)
Magical devices
 C - a wand of slowing (7)
 K - a wand of confusion (13) {unknown}
Comestibles
 f - 3 bread rations
 g - 4 meat rations
 B - a cheese
 N - a rambutan
Scrolls
 i - 6 scrolls of remove curse {unknown}
 m - 3 scrolls of immolation {unknown}
 n - 2 scrolls of magic mapping {unknown}
 o - 3 scrolls of enchant weapon I {unknown}
 p - 3 scrolls of teleportation {unknown}
 q - 2 scrolls of random uselessness {unknown}
 s - a scroll of fear {unknown}
 w - 5 scrolls of amnesia {unknown}
 x - 4 scrolls of identify {unknown}
 I - a scroll of recharging {unknown}
 J - a scroll of silence {unknown}
Jewellery
 k - an uncursed ring of protection from fire {unknown}
 L - a +2 ring of strength {unknown}
 O - an uncursed amulet of warding {unknown}
Potions
 e - 6 potions of heal wounds {unknown}
 j - 2 potions of flight {unknown}
 l - a potion of brilliance {unknown}
 t - a potion of magic {unknown}
 u - 2 potions of might {unknown}
 z - 4 potions of curing {unknown}
 A - 2 potions of restore abilities {unknown}
 E - a potion of beneficial mutation {unknown}
 G - a potion of poison {unknown}


   Skills:
 - Level 1.0(0.1) Fighting
 + Level 9.6(8.5) Bows
 + Level 7.8(6.7) Throwing
 + Level 2.7(1.8) Dodging
 - Level 0.5(0.0) Stealth


You had 6 spell levels left.
You didn't know any spells.

Dungeon Overview and Level Annotations

Branches:
Dungeon (5/16)             Temple (1/1) D:5

Altars:
Ashenzari
Cheibriados
Dithmenos
Fedhas
Kikubaaqudgha
Makhleb
Nemelex Xobeh
Sif Muna
Vehumet
Zin
The Shining One

Portals:
Sewer: D:5


Innate Abilities, Weirdness & Mutations

You have hooves in place of feet.
Armour fits poorly on your strangely shaped body.
You digest meat inefficiently.
You cover ground very quickly.
You have a fast metabolism.
You have extremely tough skin (AC +3).


Message History

Throwing (i - inventory. (,) - cycle):
r - 17 darts (quivered)
Press: ? - help, Shift-Dir - straight line, f/p - gnoll
Aim: a gnoll, wielding a flail of draining (moving very quickly)
You throw a dart. The dart hits the gnoll.
The gnoll is heavily wounded.
The gnoll hits you from afar with a glowing halberd.
* * * LOW HITPOINT WARNING * * *
The gnoll hits you with a flail of draining!
* * * LOW HITPOINT WARNING * * *
You feel drained.
* * * LOW HITPOINT WARNING * * *
The gnoll barely misses you.
Throwing (i - inventory. (,) - cycle):
r - 16 darts (quivered)
Press: ? - help, Shift-Dir - straight line, f/p - gnoll
Aim: a gnoll, wielding a flail of draining (heavily wounded, moving very quickly)
You throw a dart. The dart hits the gnoll.
The gnoll is almost dead.
The gnoll is no longer moving quickly.
The gnoll hits you with a flail of draining.
You die...

#################################
................@ggg....g....)...
................######...........
####.............# #...........
#...........#≈# #...........
#...........#≈# #..#########
#......>....#≈# #..# #
#.....#####.#≈# #..# # #.....#
#.#≈# #..# # #.....# #.#≈# #.)# #


You could see a gnoll shaman and 3 gnolls.

Vanquished Creatures
  2 ogres
  A scorpion (D:4)
  2 orc priests (D:3)
  An iguana (D:4)
  A big fish (D:5)
  A crimson imp (D:5)
  3 hounds
  Crazy Yiuf (D:3)
  A giant frog zombie (D:5)
  A gnoll shaman (D:4)
  3 orc wizards
  2 worker ants (D:4)
  6 gnolls
  9 adders
  An orc skeleton (D:5)
  2 worms
  2 giant mites (D:3)
  An inept item mimic (D:5)
  An inept feature mimic (D:5)
  An adder skeleton (D:4)
  4 giant geckos
  An ooze (D:1)
  15 orcs
  5 giant cockroaches
  9 hobgoblins
  17 jackals
  11 kobolds
  A ball python (D:2)
  15 bats
  7 giant newts
  7 goblins
  2 hobgoblin skeletons (D:4)
  A quokka (D:5)
  10 rats
  A rat skeleton (D:4)
148 creatures vanquished.

Notes
Turn   | Place    | Note
--------------------------------------------------------------
     0 | D:1      | throttle, the Centaur Hunter, began the quest for the Orb.
     0 | D:1      | Reached XP level 1. HP: 16/16 MP: 1/1
    71 | D:1      | Reached skill level 1 in Throwing
   188 | D:1      | Reached XP level 2. HP: 23/23 MP: 2/2
   613 | D:2      | Reached XP level 3. HP: 28/28 MP: 3/3
   643 | D:2      | Reached skill level 6 in Bows
   693 | D:2      | Found a blossoming altar of Fedhas.
   694 | D:2      | Found an ancient bone altar of Kikubaaqudgha.
   920 | D:2      | Found a shattered altar of Ashenzari.
   988 | D:2      | Found a deep blue altar of Sif Muna.
  1274 | D:3      | Reached XP level 4. HP: 35/35 MP: 3/3
  1787 | D:3      | Reached XP level 5. HP: 37/40 MP: 4/4
  1809 | D:3      | Reached skill level 7 in Bows
  1827 | D:3      | Reached skill level 5 in Throwing
  1927 | D:3      | Noticed Crazy Yiuf
  1946 | D:3      | Killed Crazy Yiuf
  2139 | D:3      | Reached XP level 6. HP: 43/47 MP: 5/5
  2814 | D:4      | Reached skill level 8 in Bows
  3019 | D:4      | Reached XP level 7. HP: 48/52 MP: 5/5
  3212 | D:4      | Found a radiant altar of Vehumet.
  3349 | D:5      | Entered Level 5 of the Dungeon
  3381 | D:5      | Found a staircase to the Ecumenical Temple.
  3391 | Temple   | Entered the Ecumenical Temple
  3529 | D:5      | Reached skill level 9 in Bows
  3727 | D:5      | Found a glowing drain.
  4019 | D:5      | Slain by a gnoll

Action                   |  1- 3 |  4- 6 |  7- 9 || total
-------------------------+-------+-------+-------++-------
 Fire: Bow               |    89 |   127 |    60 ||   276
Throw: Dart              |     8 |    85 |    56 ||   149
